 Dungeon Crawl Stone Soup version 0.30.1-11-g7821555f0a (webtiles) character file.

Game seed: 8040026806753135249

9902 Jerry the Grappler (level 11, -17/163 HPs)
             Began as a Troll Monk on Dec 12, 2023.
             Was a Priest of the Shining One.
             Demolished by a komodo dragon (24 damage)
             ... on level 1 of the Lair of Beasts.
             The game lasted 00:27:57 (7904 turns).

Jerry the Grappler (Troll Monk)                     Turns: 7904, Time: 00:27:58

Health: -17/163    AC: 11    Str: 25    XL:     11   Next: 29%
Magic:  13/13      EV: 13    Int:  5    God:    the Shining One [***...]
Gold:   457        SH:  0    Dex: 15    Spells: 10/10 levels left

rFire   . .          .
                       - Unarmed
rCold   . . .        (no shield)
rNeg    + . .        B - +0 steam dragon scales
rPois   +            L - +0 hat
rElec   .            A - +0 cloak
rCorr   .            (gloves unavailable)
SInv    +            (boots unavailable)
Will    .....        (no amulet) Stlth
                     r - ring of see invisible
HPRegen 1.27/turn    a - ring of poison resistance
MPRegen 0.13/turn

%: no passive effects
@: berserking, slowed, glowing
A: large, unfitting armour, claws 3, regeneration 1, shaggy fur 1, tough skin 1,
iridescent scales 1, strong 1
a: Renounce Religion, Divine Shield, Cleansing Flame


You were on level 1 of the Lair of Beasts.
You worshipped the Shining One.
The Shining One was most pleased with you.
You visited 3 branches of the dungeon, and saw 11 of its levels.

You collected 457 gold pieces.

Inventory:

Missiles
 h - 2 curare-tipped darts (quivered)
Armour
 c - an orb of light
 A - a +0 cloak (worn)
 B - +0 steam dragon scales (worn)
 L - a +0 hat (worn)
Jewellery
 a - a ring of poison resistance (right claw)
 r - a ring of see invisible (left claw)
 H - a ring of flight
Wands
 q - a wand of charming (12)
 C - a wand of flame (45)
 J - a wand of roots (17)
Scrolls
 d - 2 scrolls of teleportation
 e - a scroll of vulnerability
 f - a scroll of fear
 i - 2 scrolls of blinking {unknown}
 k - 4 scrolls of poison {unknown}
 n - a scroll of butterflies {unknown}
 o - a scroll of noise {unknown}
 p - a scroll of magic mapping {unknown}
 t - a scroll of fog {unknown}
 v - a scroll of enchant weapon {unknown}
 x - 4 scrolls of enchant armour {unknown}
 y - a scroll of torment {unknown}
 z - a scroll of brand weapon {unknown}
 K - a scroll of amnesia {unknown}
Potions
 b - a potion of ambrosia
 g - 6 potions of flight
 l - 3 potions of curing
 m - 2 potions of mutation
 s - a potion of haste
 u - 5 potions of lignification {unknown}
 D - a potion of might
 F - a potion of heal wounds
 G - a potion of attraction {unknown}


   Skills:
 + Level 7.5 Fighting
 + Level 5.0 Armour
 + Level 7.6 Dodging
 + Level 10.7 Unarmed Combat
 + Level 5.0 Invocations


You had 10 spell levels left.
You didn't know any spells.
Your spell library contained the following spells:

 Spells                   Type           Power      Damage    Failure   Level
 Freeze                   Ice            0%         1d3       47%         1
 Blink                    Tloc           0%         N/A       63%         2
 Lesser Beckoning         Tloc           0%         N/A       63%         2
 Momentum Strike          Conj/Tloc      0%         3d8       63%         2
 Frozen Ramparts          Ice            0%         1d1       85%         3
 Hailstorm                Conj/Ice       0%         3d3       85%         3
 Animate Armour           Summ/Erth      0%         N/A       99%         4
 Blade Hands              Tmut           0%         N/A       100%        5
 Iron Shot                Conj/Erth      0%         9d1       100%        6


Dungeon Overview and Level Annotations

Branches:
Dungeon (9/15)             Temple (1/1) D:7            Lair (1/5) D:9
    Orc: D:9-12

Altars:
Ashenzari
Cheibriados
Dithmenos
Elyvilon
Fedhas
Gozag
Hepliaklqana
Kikubaaqudgha
Makhleb
Nemelex Xobeh
Okawaru
Qazlal
Ru
Sif Muna
Trog
Uskayaw
Vehumet
Wu Jian
Xom
Yredelemnul
Zin
The Shining One
Lugonu

Portals:
Abyss: D:6


Innate Abilities, Weirdness & Mutations

You are too large for most types of armour.
You have claws for hands.
Your natural rate of healing is unusually fast.
You are covered in fur. (AC +1)
You have tough skin. (AC +1)
You are partially covered in iridescent scales. (AC +2)
Your muscles are strong. (Str +4, Int/Dex -1)


Message History

The komodo dragon hisses angrily.
You claw Erica!
Erica is moderately wounded.
Erica gestures at you while chanting.
You feel yourself slow down.
You barely miss Erica.
Erica is moderately wounded.
Erica hits you with a +3 scimitar of flaming!
Erica burns you.
You claw Erica!
Erica is heavily wounded.
Erica casts a spell at you.
You feel as though you will be slow longer.
You scratch Erica but do no damage. You claw Erica!!
Erica is severely wounded.
Erica casts a spell at you. The lance of force hits you.
You are knocked back by the lance of force.
You slam into the rock wall!
The komodo dragon bites you!
* * * LOW HITPOINT WARNING * * *
A red film seems to cover your vision as you go berserk!
You feel yourself moving faster!
You feel mighty! The komodo dragon bites you.
* * * LOW HITPOINT WARNING * * *
A wyvern comes into view.
Erica barely misses you.
The wyvern hisses angrily.
You mangle Erica!!
You kill Erica!
The komodo dragon bites you.
* * * LOW HITPOINT WARNING * * *
Your Armour skill increases to level 5!
Your Invocations skill increases to level 5!
You scratch the komodo dragon but do no damage.
The komodo dragon bites you!!
* * * LOW HITPOINT WARNING * * *
You claw the komodo dragon!
The komodo dragon is moderately wounded.
The wyvern hisses menacingly.
The komodo dragon bites you!!
You die...

#####.#....##### #.
...........PP#.##### .##P+
.................... .....
.................... .....
..........................
..........................
##+#.#l...#+.#P.###.......
...#..)..............#.#
.. #...@#.......#. ..#..
#..l.#.......# .#..
#............# ....
......+.......# .#..
...#....#.......# #..
........#........ #..
#.#.....#.....$.# #..
......# ### #.. ..##


You could see a komodo dragon and a wyvern.

Vanquished Creatures
  Gastronok (Lair:1)
  Erica (Lair:1)
  A two-headed ogre (D:9)
  Joseph (Lair:1)
  3 cane toads (Lair:1)
  A komodo dragon (Lair:1)
  2 kobold demonologists (D:9)
  A rime drake (Lair:1)
  A hornet (D:9)
  A basilisk (Lair:1)
  A wyvern (D:9)
  2 steam dragons
  Edmund (D:4)
  2 water moccasins
  2 ice beasts (D:5)
  2 orc warriors
  A sky beast (D:6)
  2 ogres
  6 centaurs
  3 phantoms
  4 kobold brigands
  Blork the orc (D:4)
  8 bullfrogs
  A gnoll sergeant (D:6)
  2 scorpions (D:4)
  15 wights
  4 killer bees (D:8)
  5 howler monkeys
  5 hounds
  2 jellies
  2 orc priests
  A sleepcap (D:6)
  2 gnoll boudas
  3 iguanas
  Terence (D:2)
  6 orc wizards
  Natasha (D:3)
  Ijyb (D:2)
  12 gnolls
  6 adders
  A shadow imp (D:6)
  A white imp (D:7)
  An ufetubus (D:5)
  2 worms (D:4)
  5 dart slugs
  24 orcs
  3 ball pythons
  5 bats
  9 endoplasms
  5 giant cockroaches
  7 goblins
  6 hobgoblins
  10 jackals
  4 quokkas
  5 frilled lizards
  15 kobolds
  6 rats
226 creatures vanquished.

Vanquished Creatures (others)
  A lurking horror (D:6)
1 creature vanquished.

Grand Total: 227 creatures vanquished

Notes
Turn   | Place    | Note
-------+----------+-------------------------------------------
     0 | D:1      | Jerry the Troll Monk began the quest for the Orb.
     0 | D:1      | Reached XP level 1. HP: 22/22 MP: 0/0
   143 | D:1      | Reached XP level 2. HP: 29/29 MP: 1/1
   439 | D:1      | Reached XP level 3. HP: 36/36 MP: 2/2
   777 | D:2      | Identified the +7 hand axe of Zavoudd {speed, Drain rElec
                  | Int+6 SInv}
   984 | D:2      | Reached skill level 4 in Unarmed Combat
  1024 | D:2      | Reached XP level 4. HP: 44/44 MP: 3/3
  1570 | D:3      | Found a shimmering blue altar of Sif Muna.
  1574 | D:3      | Found a white marble altar of Elyvilon.
  1663 | D:3      | Found a hazy altar of Hepliaklqana.
  1705 | D:3      | Noticed Ijyb
  1705 | D:3      | Noticed Terence
  1710 | D:3      | Noticed Natasha
  1753 | D:2      | Killed Terence
  1760 | D:3      | Killed Natasha
  1761 | D:3      | Reached XP level 5. HP: 53/53 MP: 4/4
  1839 | D:2      | Killed Ijyb
  2049 | D:3      | Found a burning altar of Makhleb.
  2196 | D:4      | Reached skill level 5 in Unarmed Combat
  2337 | D:4      | Reached XP level 6. HP: 59/61 MP: 5/5
  2487 | D:4      | Noticed Edmund
  2498 | D:4      | Killed Edmund
  2550 | D:4      | Noticed Blork the orc
  2566 | D:4      | Killed Blork the orc
  2623 | D:4      | Reached skill level 6 in Unarmed Combat
  2631 | D:4      | Reached XP level 7. HP: 53/68 MP: 6/6
  2987 | D:5      | Entered Level 5 of the Dungeon
  3120 | D:5      | Found an iron altar of Okawaru.
  3254 | D:5      | Reached skill level 7 in Unarmed Combat
  3361 | D:5      | Reached XP level 8. HP: 79/79 MP: 7/7
  3825 | D:6      | Reached skill level 5 in Dodging
  3825 | D:6      | Reached skill level 8 in Unarmed Combat
  3846 | D:6      | Reached skill level 5 in Fighting
  3861 | D:6      | Found a corrupted altar of Lugonu.
  3902 | D:6      | Found a one-way gate to the infinite horrors of the Abyss.
  4433 | D:6      | Reached XP level 9. HP: 81/88 MP: 8/8
  4593 | D:7      | Reached skill level 1 in Armour
  4598 | D:7      | Reached skill level 9 in Unarmed Combat
  4658 | D:7      | Found a hide-covered altar of Uskayaw.
  4770 | D:7      | Found a staircase to the Ecumenical Temple.
  4779 | Temple   | Entered the Ecumenical Temple
  4784 | Temple   | Became a worshipper of the Shining One
  4784 | Temple   | Reached * piety under the Shining One
  4784 | Temple   | Reached ** piety under the Shining One
  4866 | D:7      | Reached skill level 1 in Invocations
  5115 | D:7      | Identified the +0 falchion of Punishment {venom, *Rage
                  | rElec rPois rN+++}
  5498 | D:7      | Gained mutation: You are partially covered in iridescent
                  | scales. (AC +2) [potion of mutation]
  5498 | D:7      | Gained mutation: Your muscles are strong. (Str +4, Int/Dex
                  | -1) [potion of mutation]
  5766 | D:8      | Reached XP level 10. HP: 82/98 MP: 10/10
  6346 | D:9      | Found a staircase to the Lair.
  6410 | D:9      | Reached *** piety under the Shining One
  6534 | D:9      | Noticed a two-headed ogre
  6888 | D:9      | Noticed a sixfirhy
  6954 | D:9      | Reached skill level 10 in Unarmed Combat
  7204 | D:9      | Killed a two-headed ogre
  7239 | D:9      | Found a radiant altar of Vehumet.
  7379 | Lair:1   | Entered Level 1 of the Lair of Beasts
  7406 | Lair:1   | Noticed a cane toad
  7413 | Lair:1   | Killed a cane toad
  7441 | Lair:1   | Noticed Joseph
  7455 | Lair:1   | Killed Joseph
  7540 | Lair:1   | Noticed a cane toad
  7550 | Lair:1   | Killed a cane toad
  7566 | Lair:1   | Noticed Gastronok
  7581 | Lair:1   | Killed Gastronok
  7582 | Lair:1   | Reached XP level 11. HP: 63/109 MP: 13/13
  7888 | Lair:1   | Noticed Erica
  7902 | Lair:1   | Killed Erica
  7903 | Lair:1   | Reached skill level 5 in Armour
  7903 | Lair:1   | Reached skill level 5 in Invocations
  7903 | Lair:1   | HP: 6/163 [komodo dragon (22)]
  7904 | Lair:1   | Demolished by a komodo dragon

Illustrated notes

Levels and vault maps discovered:
D:1:      saegor_arrival_simple_d, layout_loops_ring, minmay_pentomino_v2
D:2:      layout_basic
D:3:      layout_rooms, mainiacjoe_overflow_six_doors_small,
          lemuel_crystal_altar, chequers_temple_overflow_statue_of_worship,
          nrook_mini_backslash, uniq_ijyb, uniq_terence, uniq_natasha
D:4:      layout_loops_corners, uniq_blork_the_orc, uniq_edmund
D:5:      layout_cave_pools, okawaru_ov_weapons_minmay,
          kennysheep_generic_room_14
D:6:      layout_loops_ring, dk_noncrumbling_2, minmay_door_square,
          amcnicky_altar_lugonu_corruption
D:7:      layout_loops_corners, old_standard_altar, minmay_temple_entry_tees,
          grunt_ministairs_14
D:8:      layout_loops_ring
D:9:      layout_basic, mainiacjoe_overflow_concentric_impassable,
          lair_entry_dummy
Temple:   minmay_freezing_vapour_temple
Lair:1:   layout_regular_city, eino_small_chamber_without_monster, uniq_erica,
          uniq_joseph, uniq_gastronok

Skill      XL: |  1  2  3  4  5  6  7  8  9 10 11 |
---------------+----------------------------------+-----
Unarmed Combat | 4 5 6 7 8 9 10 | 10.7
Dodging        | 3 4 5 6 7 |  7.6
Fighting       | 3 4 5 6 7 |  7.5
Armour         | 3 4 5 |  5.0
Invocations    | 2 4 5 |  5.0

Action                     |  1- 3 |  4- 6 |  7- 9 | 10-12 || total
---------------------------+-------+-------+-------+-------++-------
  Melee: Unarmed           |    64 |   122 |   267 |   145 ||   598
         Punch             |       |       |     5 |     9 ||    14
    Use: Scroll            |       |       |     9 |       ||     9
         Potion            |       |       |     1 |     1 ||     2
 Armour: Robe              |    13 |    17 |    32 |       ||    62
         Steam dragon scal |       |       |    35 |    41 ||    76
  Dodge: Dodged            |    26 |    55 |   131 |    80 ||   292
